 Dungeon Crawl Stone Soup version 0.26.1-16-g4e020e15dc (webtiles) character file.

Game seed: 12504374112475535555

49 Froggeryz the Cudgeller (level 3, -2/30 HPs)
             Began as a Demigod Gladiator on Mar 18, 2023.
             Slain by Robin
             ... wielding a +0 mace
              (8 damage)
             ... on level 1 of the Dungeon.
             The game lasted 00:01:22 (1952 turns).

Froggeryz the Cudgeller (Demigod Gladiator)         Turns: 1952, Time: 00:01:23

Health: -2/30      AC:  4    Str: 19    XL:     3   Next: 32%
Magic:  5/5        EV: 13    Int: 12    God:
Gold:   95         SH:  0    Dex: 17    Spells: 2/2 levels left

rFire    . . .     SeeInvis .   a - +0 flail
rCold    . . .     Faith    .   (no shield)
rNeg     . . .     Spirit   .   b - +0 leather armour
rPois    .         Reflect  .   c - +0 helmet
rElec    .         Harm     .   (no cloak)
rCorr    .         Rampage  .   (no gloves)
Will     .....                  (no boots)
Stlth    +.........             (no amulet)
HPRegen  0.10/turn              f - ring of flight
MPRegen  0.09/turn              (no ring)

@: flying
A: high mp 1
a: no special abilities


You were on level 1 of the Dungeon.
You visited 1 branch of the dungeon, and saw 2 of its levels.

You collected 95 gold pieces.

Inventory:

Hand Weapons
 a - a +0 flail (weapon)
Missiles
 d - 3 throwing nets
 i - 5 poisoned darts (quivered)
 j - 2 javelins
Armour
 b - a +0 leather armour (worn)
 c - a +0 helmet (worn)
Jewellery
 f - a ring of flight (left hand)
Scrolls
 e - a scroll of amnesia {unknown}
 g - 2 scrolls of identify {unknown}
 k - a scroll of fear {unknown}
 l - a scroll of random uselessness {unknown}
Potions
 m - a potion of lignification {unknown}
 n - a potion of degeneration {unknown}


   Skills:
 + Level 2.3 Fighting
 * Level 3.5 Maces & Flails
 - Level 1.7 Throwing
 + Level 1.1 Armour
 - Level 2.6 Dodging


You had 2 spell levels left.
You didn't know any spells.
Your spell library was empty.

Dungeon Overview and Level Annotations

Branches:
Dungeon (2/15)

Annotations:
D:1 Robin


Innate Abilities, Weirdness & Mutations

You have an increased reservoir of magic. (+10% MP)


Message History

* * * LOW HITPOINT WARNING * * *
The goblin no longer looks unusually strong.
The goblin closely misses you.
Robin roars a battlecry!
The goblin goes into a battle-frenzy!
The goblin closely misses you.
You completely miss the goblin. The goblin closely misses you.
You barely miss the goblin. The goblin hits you with a +0 dagger.
* * * LOW HITPOINT WARNING * * *
You thump the goblin!
You kill the goblin!
It was a potion of flight.
You feel very buoyant.
You fly up into the air.
Robin roars a battlecry!
The hobgoblin goes into a battle-frenzy!
You hit Robin but do no damage.
Robin is severely wounded.
Robin hits you with a +0 mace!
You die...

####.#### ##.
###################. #######
#..#.......##.....#. ####.....#
#.##.####8#.#####.#.
#......#.#####.###....##.# #...
#.##.#...g......###.<.##.# ###.
#.#....#.#####.## #...##.# ##.
#.#..#(#.# #.#####.##.## #..
#.#......# #gg@.###''## #..
#.....g### #######...# #..
###g#### #.### #..
###.############# ##.######## #..
#.(g...g#.......###.........# #..
#.#####[#.......##........#.###).
#.##.g>)#.....†.##.....#.....(...
#.##.##.#...........#..#.........
#.##.##.#.......###.#..#.........


You could see Robin and a hobgoblin (strong).

Vanquished Creatures
  A white imp (D:2)
  2 worms (D:2)
  2 leopard geckos (D:1)
  2 giant cockroaches
  5 goblins (D:1)
  3 hobgoblins (D:1)
  4 jackals (D:1)
  5 kobolds
  A quokka (D:2)
  3 bats (D:1)
  2 frilled lizards
  2 rats
32 creatures vanquished.

Notes
Turn   | Place    | Note
-------+----------+-------------------------------------------
     0 | D:1      | Froggeryz the Demigod Gladiator began the quest for the
                  | Orb.
     0 | D:1      | Reached XP level 1. HP: 17/17 MP: 3/3
   108 | D:1      | Reached skill level 3 in Maces & Flails
   144 | D:1      | Reached XP level 2. HP: 23/24 MP: 4/4
  1000 | D:2      | Reached skill level 1 in Armour
  1098 | D:2      | Reached XP level 3. HP: 7/29 MP: 5/5
  1717 | D:2      | Noticed Robin
  1952 | D:1      | Slain by Robin

Illustrated notes

Levels and vault maps discovered:
D:1:      saegor_arrival_simple_e, layout_loops_cross, roderic_filled_cross
D:2:      layout_basic, nicolae_overflow_hidden_temple,
          minmay_increasing_density, uniq_robin

Skill      XL: |  1  2 |
---------------+-------+-----
Fighting       | 2 |  2.3
Maces & Flails | 3 |  3.5
Armour         | 1 |  1.1
Throwing       | |  1.7
Dodging        | |  2.6

Action                   || total
-------------------------++-------
Melee: Flail             ||   103
Throw: Dart              ||     5
  Use: Potion            ||     1
 Stab: Sleeping          ||     1
Armor: Leather armour    ||    35
Dodge: Dodged            ||    89
